 Dungeon Crawl Stone Soup version 0.24.1-8-ga250c9d538 (webtiles) character file.

Game seed: 18182080574927880883, levelgen mode: deterministic

2233 H0rd4k the Thaumaturge (level 9, -4/47 HPs)
             Began as a Deep Elf Wizard on Apr 28, 2020.
             Was an Initiate of Gozag.
             Slain by a killer bee (13 damage)
             ... on level 8 of the Dungeon.
             The game lasted 00:23:47 (8158 turns).

H0rd4k the Thaumaturge (Deep Elf Wizard)            Turns: 8158, Time: 00:23:48

Health: -4/47      AC:  2    Str:  7    XL:     9   Next: 14%
Magic:  19/26      EV: 14    Int: 27    God:    Gozag
Gold:   350        SH:  0    Dex: 13    Spells: 21/30 levels left

rFire    . . .     SeeInvis .   B - +2 dagger "Vyoc" {speed, rPois rC+ Str+3}
rCold    + . .     Gourm    +   (no shield)
rNeg     . . .     Faith    .   a - +0 robe
rPois    +         Spirit   .   b - +0 hat
rElec    .         Reflect  .   (no cloak)
rCorr    .         Harm     .   (no gloves)
MR       +....                  (no boots)
Stlth    ++........             F - amulet of the gourmand
HPRegen  0.15/turn              i - ring of protection from magic
MPRegen  0.20/turn              (no ring)

@: no status effects
A: no striking features
a: Potion Petition, Call Merchant, Bribe Branch, Renounce Religion


You were on level 8 of the Dungeon.
You worshipped Gozag.
Gozag was aware of your devotion.
You were not hungry.

You visited 2 branches of the dungeon, and saw 9 of its levels.
You also visited: Ossuary.

You collected 491 gold pieces.
You paid 141 gold pieces to Gozag.

Inventory:

Hand Weapons
 j - a +1 dagger of venom
 B - the +2 dagger "Vyoc" (weapon) {speed, rPois rC+ Str+3}
   (You found it on level 5 of the Dungeon)

   Attacks with this weapon are significantly faster.
   It affects your strength (+3).
   It protects you from cold.
   It protects you from poison.
Missiles
 I - 34 poisoned darts (quivered)
Armour
 a - a +0 robe (worn)
 b - a +0 hat (worn)
Jewellery
 i - a ring of protection from magic (left hand)
 y - an uncursed amulet of regeneration
 F - an amulet of the gourmand (around neck)
Wands
 l - a wand of random effects (35)
 D - a wand of iceblast (5)
 H - a wand of digging (4)
 L - a wand of disintegration (9)
Scrolls
 f - a scroll of fog {unknown}
 g - 3 scrolls of teleportation
 h - a scroll of enchant armour {unknown}
 k - a scroll of enchant weapon {unknown}
 m - 5 scrolls of magic mapping {unknown}
 n - a scroll of identify
 p - 2 scrolls of remove curse {unknown}
 r - a scroll of vulnerability {unknown}
 s - 2 scrolls of random uselessness {unknown}
 w - 4 scrolls of immolation {unknown}
 x - 2 scrolls of amnesia {unknown}
 K - a scroll of noise {unknown}
Potions
 c - 3 potions of invisibility
 e - 4 potions of lignification
 o - 2 potions of mutation
 q - 2 potions of brilliance
 t - a potion of magic {unknown}
 u - 5 potions of degeneration
 v - a potion of might {unknown}
 z - 4 potions of agility
 A - a potion of heal wounds {unknown}
 C - 2 potions of ambrosia
 E - a potion of resistance {unknown}
 G - a potion of curing
Comestibles
 d - 19 rations


   Skills:
 + Level 1.3 Fighting
 + Level 1.1 Short Blades
 + Level 4.4 Dodging
 + Level 3.6 Stealth
 + Level 11.0 Spellcasting
 + Level 7.0 Conjurations
   Level 1.1 Summonings
 + Level 2.0 Translocations
 + Level 3.2 Fire Magic
 + Level 1.1 Air Magic
 + Level 1.7 Poison Magic
 + Level 1.9 Evocations


You had 21 spell levels left.
You knew the following spells:

 Your Spells              Type           Power        Failure   Level  Hunger
a - Magic Dart            Conj           ####         1%          1    None
b - Blink                 Tloc           N/A          2%          2    None
c - Conjure Flame         Conj/Fire      #####...     1%          3    None
d - Mephitic Cloud        Conj/Pois/Air  ####....     3%          3    None

Your spell library contained the following spells:

 Spells                   Type           Power        Failure   Level  Hunger
 Apportation              Tloc           ####..       1%          1    None
 Summon Small Mammal      Summ           ###.         2%          1    None
 Animate Skeleton         Necr           N/A          3%          1    None
 Confusing Touch          Hex            ##....       3%          1    None
 Call Imp                 Summ           ###.....     3%          2    None
 Slow                     Hex            ##......     6%          2    None


Dungeon Overview and Level Annotations

Branches:
Dungeon (8/15)             Temple (1/1) D:5         Ossuary (visited)
   Lair: D:8-11

Altars:
Ashenzari
Cheibriados
Dithmenos
Elyvilon
Gozag
Hepliaklqana
Kikubaaqudgha
Makhleb
Nemelex Xobeh
Okawaru
Qazlal
Ru
Sif Muna
Trog
Uskayaw
Vehumet
Wu Jian
Xom
Yredelemnul
Zin
The Shining One

Annotations:
D:3 3 runed translucent doors, Struensee's ghost, amateur OgBe; barcode's ghost, amateur BaVM
D:5 5 runed translucent doors, exclusion: downstairs
D:7 2 transporters, exclusion: downstairs


Message History

a +0 robe; a +2 dagger of venom The killer bee barely misses you.
The killer bee stings you.
The queen bee calls on the killer bee to defend it!
The killer bee goes berserk!
The killer bee closely misses you. The killer bee closely misses you.
The killer bee stings you. The killer bee stings you.
The killer bee stings you! The killer bee misses you.
The killer bee stings you!
* * * LOW HITPOINT WARNING * * *
Casting: Conjure Flame (safe; 1% risk of failure)
Confirm with . or Enter, or press ? or * to list all spells.
You blink.
Casting: Blink (safe; 2% risk of failure)
Confirm with . or Enter, or press ? or * to list all spells.
Aiming: Conjure Flame (safe; 1% risk of failure)
Press: ? - help, Dir - move target cursor The fire ignites!
The killer bee is engulfed in blazing flames.
The killer bee stings you!
You die...
Your body crumbles into a pile of gold.

#.#
#.#
#.#
#y#
#.#
#.#
#.#
#.#
#.#
#ยง#
#.#
#.#
#.#
#y#
#@#
#.#
#<#
###


You could see a queen bee and a killer bee (berserk).

Vanquished Creatures
  A hippogriff (D:7)
  A water moccasin (D:5)
  An orc warrior (D:7)
  An eye of draining (D:8)
  An ogre (D:4)
  2 centaurs
  A bullfrog (D:3)
  5 wights (D:7)
  5 killer bees (D:8)
  A jelly (D:8)
  A howler monkey (D:4)
  2 crimson imps (D:6)
  2 bullfrog zombies
  6 hounds
  A centaur zombie (Ossuary)
  2 orc priests
  3 orc wizards
  A bullfrog skeleton (D:4)
  4 worker ants
  2 iguanas (D:4)
  3 big kobold zombies (Ossuary)
  5 mummies (Ossuary)
  Robin (D:2)
  2 adders
  A gnoll (D:7)
  An ooze (D:2)
  3 worms
  3 dart slugs
  6 leopard geckos
  16 orcs
  4 giant cockroaches
  15 goblins
  7 hobgoblins
  13 jackals
  6 quokkas
  2 ball pythons
  7 bats
  12 frilled lizards
  2 gnoll zombies (Ossuary)
  A goblin zombie (Ossuary)
  10 kobolds
  An orc zombie (Ossuary)
  2 quokka skeletons (D:4)
  9 rats
175 creatures vanquished.

Vanquished Creatures (others)
  A killer bee (D:8)
  A withered plant (D:3)
2 creatures vanquished.

Grand Total: 177 creatures vanquished

Notes
Turn   | Place    | Note
-------+----------+-------------------------------------------
     0 | D:1      | H0rd4k the Deep Elf Wizard began the quest for the Orb.
     0 | D:1      | Reached XP level 1. HP: 10/10 MP: 7/7
   187 | D:1      | Reached skill level 5 in Spellcasting
   190 | D:1      | Reached XP level 2. HP: 15/15 MP: 3/10
  1015 | D:2      | Reached XP level 3. HP: 14/19 MP: 8/12
  1019 | D:2      | Learned a level 2 spell: Blink
  1023 | D:2      | Learned a level 3 spell: Conjure Flame
  1027 | D:2      | Learned a level 3 spell: Mephitic Cloud
  1342 | D:2      | Noticed Robin
  1413 | D:2      | Killed Robin
  1658 | D:2      | Reached skill level 6 in Spellcasting
  1658 | D:2      | Reached XP level 4. HP: 24/24 MP: 10/14
  2145 | D:3      | Found a faded altar of an unknown god.
  2331 | D:3      | Noticed a bullfrog
  2456 | D:3      | Killed a bullfrog
  2456 | D:3      | Reached XP level 5. HP: 4/28 MP: 1/16
  2459 | D:3      | HP: 2/42 [jackal (1)]
  2703 | D:3      | Found a runed translucent gate.
  2703 | D:3      | Found a runed translucent gate.
  2706 | D:3      | Found a runed translucent gate.
  2707 | D:3      | Noticed Struensee's ghost (amateur OgBe)
  2707 | D:3      | Noticed barcode's ghost (amateur BaVM)
  3260 | D:4      | Found a sand-covered staircase.
  3273 | Ossuary  | Entered an ossuary
  3415 | Ossuary  | Reached XP level 6. HP: 13/33 MP: 3/17
  3415 | Ossuary  | HP: 1/33 [shot self (12)]
  3418 | Ossuary  | Reached skill level 7 in Spellcasting
  3737 | Ossuary  | Reached skill level 1 in Short Blades
  3751 | Ossuary  | Reached skill level 1 in Evocations
  4139 | D:4      | Reached skill level 1 in Fire Magic
  4312 | D:4      | Reached XP level 7. HP: 31/37 MP: 14/20
  4485 | D:4      | Reached skill level 8 in Spellcasting
  4702 | D:5      | Entered Level 5 of the Dungeon
  4931 | D:5      | Found a staircase to the Ecumenical Temple.
  5050 | D:5      | Found a runed translucent door.
  5055 | D:5      | Found a runed translucent gate.
  5057 | D:5      | Found a runed translucent gate.
  5057 | D:5      | Found a runed translucent gate.
  5065 | D:5      | Found a runed translucent door.
  5165 | D:5      | Found the +9 staff of Olgreb {rPois}
  5231 | D:5      | Reached skill level 1 in Poison Magic
  5380 | D:5      | Got a jewelled dagger
  5381 | D:5      | Identified the +2 dagger "Vyoc" {speed, rPois rC+ Str+3}
                  | (You found it on level 5 of the Dungeon)
  5898 | D:6      | Found an iron altar of Okawaru.
  5920 | D:6      | Reached skill level 9 in Spellcasting
  5932 | D:6      | Reached skill level 1 in Fighting
  6030 | D:5      | Reached skill level 5 in Conjurations
  6030 | D:5      | Reached XP level 8. HP: 43/43 MP: 0/23
  6248 | D:6      | Reached skill level 1 in Air Magic
  6763 | D:7      | Reached skill level 10 in Spellcasting
  6905 | D:7      | Found a transporter.
  6972 | D:7      | Found a transporter.
  7166 | D:7      | Noticed a hippogriff
  7171 | D:7      | Killed a hippogriff
  7491 | Temple   | Entered the Ecumenical Temple
  7683 | Temple   | Became a worshipper of Gozag Ym Sagoz the Greedy
  7834 | D:8      | Reached XP level 9. HP: 45/47 MP: 19/25
  7996 | D:8      | Reached skill level 11 in Spellcasting
  8147 | D:8      | Noticed a queen bee
  8158 | D:8      | Slain by a killer bee

Levels and vault maps discovered:
D:1:      mainiacjoe_arrival_reflecting_pool, layout_basic
D:2:      layout_basic, first_ration, uniq_robin
D:3:      layout_loops_ring, chequers_ecumenical_altar_simple_redux,
          gammafunk_ghost_cemetery, minmay_lizard_king
D:4:      layout_loops_cross, chequers_ossuary_entry_cave, moated_statue
D:5:      layout_basic, minmay_temple_entry_mini_moons,
          minmay_misc_feat_more_columns, minmay_guarded_unrand_staff_of_olgreb
D:6:      layout_gridville, basic_altar
D:7:      gammafunk_steamed_eel, layout_basic
D:8:      layout_basic, david_nohive_1, elyvilon_altar_3
Temple:   kilobyte_greek_temple

Skill      XL: |  1  2  3  4  5  6  7  8  9 |
---------------+----------------------------+-----
Spellcasting   | 5 6 7 9 10 11 | 11.0
Conjurations   | 2 3 5 6 7 |  7.0
Dodging        | 3 4 |  4.4
Short Blades   | 1 |  1.1
Evocations     | 1 |  1.9
Stealth        | 3 |  3.6
Fire Magic     | 1 3 |  3.2
Poison Magic   | 1 |  1.7
Fighting       | 1 |  1.3
Air Magic      | 1 |  1.1
Translocations | 2 |  2.0
Summonings     | |  1.1

Action                   |  1- 3 |  4- 6 |  7- 9 || total
-------------------------+-------+-------+-------++-------
Melee: Dagger            |       |    30 |       ||    30
 Cast: Magic Dart        |   126 |   135 |   202 ||   463
       Conjure Flame     |     2 |    17 |    24 ||    43
       Mephitic Cloud    |     1 |     4 |    11 ||    16
       Blink             |       |     9 |     4 ||    13
Evoke: Wand              |       |    17 |     1 ||    18
  Use: Potion            |       |     4 |       ||     4
       Scroll            |       |     1 |     6 ||     7
  Eat: Chunk             |     2 |     5 |    12 ||    19
       Ration            |       |     1 |     1 ||     2
Armor: Robe              |     1 |    11 |     1 ||    13
       Skin              |       |    36 |       ||    36
Dodge: Dodged            |    14 |    79 |    37 ||   130
